 Dungeon Sprint DCSS version 0.29-a0-275-g389c0b56f3 (webtiles) character file.

Game seed: 4668207848468638375

11805 mhtbhm the Executioner (level 11, -7/181 HPs)
             Began as a Minotaur Berserker on Mar 12, 2022.
             Was the Champion of Trog.
             Killed by divine providence
             ... invoked by an orc priest
              (8 damage)
             ... in the Dungeon (Sprint III: "The Ten Rune Challenge").
             The game lasted 00:05:09 (3212 turns).

mhtbhm the Executioner (Minotaur Berserker)         Turns: 3212, Time: 00:05:10

Health: -7/181     AC: 17    Str: 25    XL:     11   Next: 54%
Magic:  10/10      EV: 11    Int:  4    God:    Trog [******]
Gold:   153        SH:  0    Dex: 11    Spells: 10/10 levels left

rFire   . . .      SeeInvis .   a - +1 battleaxe (flame)
rCold   . . .      Faith    .   (shield currently unavailable)
rNeg    . . .      Spirit   .   b - +1 chain mail {Will+}
rPois   .          Reflect  .   (helmet restricted)
rElec   .          Harm     .   i - +0 cloak {rCorr}
rCorr   +          Rampage  .   (no gloves)
Will    +....      NoTele   +   (no boots)
Stlth   ..........              (no amulet)
HPRegen 0.40/turn               (no ring)
MPRegen 0.12/turn               (no ring)

@: berserking, spiked, very quick
A: horns 2, retaliatory headbutt
a: Renounce Religion, Berserk, Trog's Hand, Brothers in Arms


You were in the Dungeon.
You worshipped Trog.
Trog was exalted by your worship.
You visited 1 branch You collected 153 gold pieces.

Inventory:

Hand Weapons
 a - a +1 battleaxe of flaming (weapon)
 r - a +1 war axe of holy wrath
Missiles
 d - 5 javelins (quivered)
 p - 7 curare-tipped darts
Armour
 b - a +1 chain mail of willpower (worn)
 i - a +0 cloak of preservation (worn)
 q - a +2 kite shield of reflection
Scrolls
 h - a scroll of blinking
 k - a scroll of holy word {unknown}
 l - 3 scrolls of identify
 n - a scroll of immolation {unknown}
Potions
 c - 2 potions of curing
 e - a potion of haste
 f - 3 potions of magic
 g - 2 potions of berserk rage
 j - 2 potions of mutation {unknown}
 m - 3 potions of flight
Miscellaneous
 o - a phial of floods


   Skills:
 + Level 18.3 Fighting
 + Level 21.9 Axes
 + Level 17.4 Armour
 + Level 7.4 Dodging
 + Level 2.9 Stealth


You had 10 spell levels left.
You didn't know any spells.
Your spell library was empty.

Dungeon Overview and Level Annotations

Branches:
Dungeon (1/1)

Altars:
Cheibriados
Dithmenos
Elyvilon
Fedhas
Gozag
Hepliaklqana
Kikubaaqudgha
Makhleb
Nemelex Xobeh
Okawaru
Qazlal
Ru
Sif Muna
Trog
Uskayaw
Vehumet
Wu Jian
Xom
Yredelemnul
Zin
The Shining One
Beogh
Jiyva
Lugonu

Shops:
D =**(!?*=[?(:


Innate Abilities, Weirdness & Mutations

You have a pair of horns on your head.
You reflexively headbutt those who attack you in melee.


Message History

You kill the orc!
Trog accepts your kill. Trog grants you a weapon!
Something appears at your feet!
You see here a +4 vorpal executioner's axe.
You hit the hellwing but do no damage. You slice the orc warrior!!
You burn the orc warrior.
You kill the orc warrior!
Trog accepts your kill.
You closely miss the orc.
You feel sick.
You are no longer poisoned.
The orc high priest barely misses you. You furiously retaliate!
You headbutt the orc high priest, but do no damage.
You slash the orc high priest! You burn the orc high priest.
The orc high priest is lightly wounded.
You completely miss the sun demon. You slash the hellwing!
You burn the hellwing. You slash the orc! You burn the orc.
You kill the orc!
Trog accepts your kill.
You barely miss the orc warrior.
The red devil hits you from afar with a +0 demon trident!
* * * LOW HITPOINT WARNING * * *
Barbed spikes become lodged in your body.
The sun demon barely misses you.
You barely miss the orc high priest. You headbutt the orc high priest!
The orc high priest is moderately wounded.
You barely miss the sun demon. You hit the hellwing but do no damage.
You slice the orc warrior!! You burn the orc warrior!
You kill the orc warrior!
Trog accepts your kill. The hellwing misses you. You furiously retaliate!
You headbutt the hellwing, but do no damage.
The hellwing closely misses you.
You barely miss the orc high priest.
The orc high priest is moderately wounded.
You hit the hellwing but do no damage. You miss the sun demon.
The orc priest looks braver for a moment.
The orc priest mumbles some strange prayers to Beogh against you.
Beogh smites you!
You die...

▓▓▓ ▓▓▓ #.#############$###### $
..#___#___#__#$$∩#$$$#..
..#...#__.#._#.$4o....$$
..###'#'###)##§)4)....#
..#...)......#)3@o.o..#
..'.⌠........#))#o#o.#$#
..#...######'#)##$# #
..#.⌠.#__#...#'##################
..#...#__#...#....#.#.#.....#....
..#'###__#...##.#.)#.##)###.#..^.
..#)):#__#...'##)#.#.##)#.)##....
..#___#__'...#..)#..#..##..'.....
▓▓▓▓▓▓▓▓▓▓▓▓▓▓▓▓▓▓▓▓▓▓▓▓▓▓▓#.^...


You could see an orc high priest, a sun demon (summoned), a hellwing (summoned),
a red devil (summoned), 3 orc priests and an orc.

Vanquished Creatures
  Frances (D)
  Donald (D)
  Erolcha (D)
  2 orc high priests (D)
  An orange crystal statue (D)
  A lindwurm (D)
  A deep elf pyromancer (D)
  4 crystal guardians (D)
  2 cane toads (D)
  A komodo dragon (D)
  A rime drake (D)
  2 tyrant leeches (D)
  3 wandering mushrooms (D)
  A shadow (D)
  5 redbacks (D)
  A spatial vortex (D)
  A swamp drake (D)
  2 orc warriors (D)
  5 two-headed ogres (D)
  A necrophage (D)
  A water elemental (D)
  A jelly (D)
  7 orc priests (D)
  Crazy Yiuf (D)
  Jessica (D)
  An orc wizard (D)
  A wizard (D)
  A necromancer (D)
  3 humans (D)
  A kobold demonologist (D)
  5 orcs (D)
  An endoplasm (D)
  2 rats (D)
63 creatures vanquished.

Vanquished Creatures (collateral kills)
  Urug (D)
1 creature vanquished.

Vanquished Creatures (others)
  7 plants (D)
7 creatures vanquished.

Grand Total: 71 creatures vanquished

Notes
Turn   | Place    | Note
-------+----------+-------------------------------------------
     0 | D        | mhtbhm the Minotaur Berserker began the quest for the Orb.
     0 | D        | Reached XP level 1. HP: 19/19 MP: 0/0
     9 | D        | Reached skill level 4 in Axes
    21 | D        | Noticed Jessica
    25 | D        | Killed Jessica
    25 | D        | Reached ** piety under Trog
    26 | D        | Reached skill level 5 in Fighting
    26 | D        | Reached skill level 5 in Axes
    26 | D        | Reached XP level 2. HP: 25/30 MP: 1/1
   158 | D        | Reached XP level 3. HP: 37/37 MP: 2/2
   229 | D        | Reached skill level 6 in Axes
   365 | D        | Noticed Crazy Yiuf
   367 | D        | Killed Crazy Yiuf
   368 | D        | Reached skill level 7 in Axes
   368 | D        | Reached XP level 4. HP: 45/45 MP: 3/3
   433 | D        | Noticed a water elemental
   438 | D        | Killed a water elemental
   438 | D        | Reached *** piety under Trog
   439 | D        | Reached skill level 8 in Axes
   439 | D        | Reached skill level 5 in Armour
   509 | D        | Found a basalt altar of Yredelemnul.
   509 | D        | Found a shadowy altar of Dithmenos.
   509 | D        | Found a sacrificial altar of Ru.
   509 | D        | Noticed a necrophage
   514 | D        | Reached XP level 5. HP: 49/56 MP: 4/4
   518 | D        | Reached skill level 9 in Axes
   553 | D        | Found a hide-covered altar of Uskayaw.
   553 | D        | Found an iron altar of Okawaru.
   553 | D        | Found a bloodstained altar of Trog.
   553 | D        | Found an ornate altar of the Wu Jian Council.
   553 | D        | Noticed a human
   554 | D        | Noticed a human
   558 | D        | Killed a human
   559 | D        | Reached skill level 10 in Fighting
   559 | D        | Reached skill level 10 in Axes
   559 | D        | Reached skill level 5 in Dodging
   559 | D        | Reached XP level 6. HP: 66/66 MP: 5/5
   560 | D        | Killed a human
   560 | D        | Reached **** piety under Trog
   561 | D        | Reached skill level 11 in Axes
   616 | D        | Found a radiant altar of Vehumet.
   616 | D        | Found a shimmering blue altar of Sif Muna.
   616 | D        | Found an ancient bone altar of Kikubaaqudgha.
   621 | D        | Reached XP level 7. HP: 69/74 MP: 6/6
   625 | D        | Reached ***** piety under Trog
   651 | D        | Found a glowing silver altar of Zin.
   651 | D        | Found a glowing golden altar of the Shining One.
   651 | D        | Found a white marble altar of Elyvilon.
   652 | D        | Noticed a deep elf pyromancer
   653 | D        | Noticed a fire elemental
   653 | D        | Noticed a fire elemental
   657 | D        | Killed a deep elf pyromancer
   658 | D        | Reached skill level 13 in Axes
   706 | D        | Noticed a shadow
   719 | D        | Killed a shadow
   720 | D        | Reached XP level 8. HP: 85/85 MP: 7/7
   811 | D        | Found a blossoming altar of Fedhas.
   811 | D        | Found a stormy altar of Qazlal.
   811 | D        | Found a snail-covered altar of Cheibriados.
   811 | D        | Found a burning altar of Makhleb.
   811 | D        | Found a shimmering altar of Xom.
   812 | D        | Found a hazy altar of Hepliaklqana.
   812 | D        | Found an opulent altar of Gozag.
   812 | D        | Found a sparkling altar of Nemelex Xobeh.
   812 | D        | Found a corrupted altar of Lugonu.
   812 | D        | Found a viscous altar of Jiyva.
   829 | D        | Reached skill level 10 in Armour
   879 | D        | Reached skill level 14 in Axes
   973 | D        | Noticed a two-headed ogre
   986 | D        | Killed a two-headed ogre
   986 | D        | Received a gift from Trog
  1218 | D        | Noticed Erolcha
  1219 | D        | Noticed a two-headed ogre
  1222 | D        | Killed Erolcha
  1223 | D        | Reached skill level 15 in Axes
  1223 | D        | Reached XP level 9. HP: 71/95 MP: 8/8
  1228 | D        | Killed a two-headed ogre
  1229 | D        | Reached skill level 16 in Axes
  1231 | D        | Reached skill level 1 in Stealth
  1656 | D        | Noticed a wandering mushroom
  1660 | D        | Noticed a wandering mushroom
  1662 | D        | Noticed a wandering mushroom
  1664 | D        | Received a gift from Trog
  1720 | D        | Reached ****** piety under Trog
  1810 | D        | Noticed a cane toad
  1810 | D        | Noticed a komodo dragon
  1810 | D        | Noticed a cane toad
  1814 | D        | Killed a cane toad
  1815 | D        | Reached skill level 15 in Fighting
  1815 | D        | Reached skill level 17 in Axes
  1817 | D        | Killed a komodo dragon
  1818 | D        | Reached XP level 10. HP: 105/105 MP: 9/9
  1818 | D        | Killed a cane toad
  1871 | D        | Reached skill level 18 in Axes
  1984 | D        | Received a gift from Trog
  1992 | D        | Reached skill level 15 in Armour
  2092 | D        | Noticed a lindwurm
  2095 | D        | Killed a lindwurm
  2108 | D        | Noticed Urug
  2120 | D        | HP: 5/107 [poisoned by a redback]
  2122 | D        | Killed Urug
  2123 | D        | Reached skill level 19 in Axes
  2410 | D        | Noticed Frances
  2410 | D        | Noticed Donald
  2421 | D        | Killed Donald
  2421 | D        | Killed Frances
  2421 | D        | Received a gift from Trog
  2422 | D        | Reached skill level 20 in Axes
  2422 | D        | Reached XP level 11. HP: 65/117 MP: 10/10
  2797 | D        | Noticed an orange crystal statue
  2812 | D        | Killed an orange crystal statue
  2867 | D        | Found Lufif's Magic Scroll Emporium.
  2867 | D        | Found Ororhik's Jewellery Shop.
  2867 | D        | Found Vask's Book Shoppe.
  2867 | D        | Found Atohesal's Distillery.
  2867 | D        | Found Tuiray's General Store.
  2867 | D        | Found Oxirchuk's Weapon Shop.
  2867 | D        | Found Uwuatyfo's Magic Scroll Emporium.
  2867 | D        | Found Neukhloj's Antique Armour Boutique.
  2868 | D        | Found Deleput's Antique Weapon Boutique.
  2868 | D        | Found Gerih's Assorted Antiques.
  2868 | D        | Found Ydeecit's Assorted Antiques.
  2916 | D        | Noticed a crystal guardian
  2916 | D        | Noticed a crystal guardian
  2916 | D        | Noticed a crystal guardian
  2916 | D        | Noticed a crystal guardian
  2919 | D        | Killed a crystal guardian
  2922 | D        | Killed a crystal guardian
  2923 | D        | Reached skill level 21 in Axes
  2927 | D        | Killed a crystal guardian
  2932 | D        | Killed a crystal guardian
  3190 | D        | Found Poethrit's Jewellery Emporium.
  3190 | D        | Noticed an orc high priest
  3191 | D        | Noticed an orc high priest
  3192 | D        | Noticed a sixfirhy
  3194 | D        | Noticed an orc high priest
  3200 | D        | Killed an orc high priest
  3200 | D        | Received a gift from Trog
  3201 | D        | Noticed a sun demon
  3207 | D        | Killed an orc high priest
  3209 | D        | Received a gift from Trog
  3210 | D        | HP: 1/181 [red devil/+0 demon trident[an orc high priest]
                  | (16)]
  3212 | D        | Killed from afar by an orc priest

Illustrated notes

Levels and vault maps discovered:
D:        dungeon_sprint_mu [sprint_mu_entry_cave, sprint_mu_temple_rooms,
          sprint_mu_d1_spiders, sprint_mu_d2_genie, sprint_mu_d3_branching,
          sprint_mu_orc_legion, sprint_mu_elf_gauntlet, sprint_mu_hive_nellie,
          sprint_mu_lair_fedhas, sprint_mu_vaults_butterflies,
          sprint_mu_slime_circle, sprint_mu_swamp_cave, sprint_mu_snake_twists,
          sprint_mu_blade_basic, sprint_mu_crypt_chambers,
          sprint_mu_tomb_spiral, sprint_mu_vestibule_basic,
          sprint_mu_gehenna_hellfire, sprint_mu_dis_giant,
          sprint_mu_tartarus_statrot, sprint_mu_cocytus_islands, sprint_mu_zot1]

Skill      XL: |  1  2  3  4  5  6  7  8  9 10 11 |
---------------+----------------------------------+-----
Fighting       | 5 6 8 10 11 12 14 15 17 18 | 18.3
Axes           | 5 7 8 10 11 13 15 17 20 21 | 21.9
Armour         | 3 4 5 7 8 9 12 14 16 17 | 17.4
Dodging        | 3 4 5 6 7 |  7.4
Stealth        | 1 2 |  2.9

Action                   |  1- 3 |  4- 6 |  7- 9 | 10-12 || total
-------------------------+-------+-------+-------+-------++-------
Melee: Hand axe          |    24 |    20 |    56 |       ||   100
       Headbutt          |     5 |     4 |    16 |    21 ||    46
       Battleaxe         |       |       |    25 |    77 ||   102
Invok: Berserk           |     3 |     2 |     5 |     6 ||    16
       Brothers in Arms  |       |       |       |     1 ||     1
  Use: Potion            |       |       |       |     2 ||     2
Armor: Chain mail        |     2 |     8 |    10 |    17 ||    37
Dodge: Dodged            |    11 |     4 |    26 |    27 ||    68

Table legend: (Time is in decaauts)
 A = Elapsed time spent in this place.
 B = Non-inter-level travel time spent in this place.
 C = Inter-level travel time spent in this place.
 D = Time resting spent in this place.
 E = Time spent auto-exploring this place.
 F = Levels seen in this place.
 G = Mean time per level.
                   A        B        C        D        E       F      G
               +--------+--------+--------+--------+--------+-----+--------+
         Total |   3297 |   3293 |      4 |   2554 |     33 |   1 | 3297.0 |
       Dungeon |   3297 |   3293 |      4 |   2554 |     33 |   1 | 3297.0 |
               +--------+--------+--------+--------+--------+-----+--------+

Top non-repeatable levels by time:
       D: 3297 daAuts
